 Dungeon Crawl Stone Soup version 0.28-a0-397-g1a7b1a870f (webtiles) character file.

Game seed: 13907617914198250232

242 Astera the Slasher (level 5, -2/40 HPs)
             Began as a Demonspawn Gladiator on Sept 4, 2021.
             Was a Follower of Wu Jian.
             Slain by an ogre (27 damage)
             ... on level 4 of the Dungeon.
             The game lasted 00:10:23 (3072 turns).

Astera the Slasher (Demonspawn Gladiator)           Turns: 3072, Time: 00:10:23

Health: -2/40      AC:  6    Str: 21    XL:     5   Next: 82%
Magic:  5/5        EV: 11    Int:  9    God:    Wu Jian [*.....]
Gold:   62         SH:  0    Dex: 15    Spells: 4/4 levels left

rFire   + . .      SeeInvis .   a - +0 long sword
rCold   . . .      Faith    .   (no shield)
rNeg    . . .      Spirit   .   f - +0 scale mail
rPois   .          Reflect  .   (helmet restricted)
rElec   .          Harm     .   (no cloak)
rCorr   .          Rampage  .   (no gloves)
Will    .....                   (no boots)
Stlth   ..........              p - amulet of regeneration
HPRegen 1.13/turn               c - +6 ring of strength
MPRegen 0.09/turn               g - ring of protection from fire

@: no status effects
A: horns 1, demonic guardian 1
a: Renounce Religion


You were on level 4 of the Dungeon.
You worshipped Wu Jian.
Wu Jian was aware of your devotion.
You visited 1 branch of the dungeon, and saw 4 of its levels.

You collected 62 gold pieces.

Inventory:

Hand Weapons
 a - a +0 long sword (weapon)
Missiles
 d - 3 throwing nets (quivered)
Armour
 f - a +0 scale mail (worn)
Jewellery
 c - a +6 ring of strength (left hand)
 g - a ring of protection from fire (right hand)
 p - an amulet of regeneration (around neck)
Wands
 o - a wand of flame (6)
Scrolls
 h - a scroll of brand weapon {unknown}
 i - a scroll of enchant weapon
 k - a scroll of blinking {unknown}
 l - a scroll of enchant armour {unknown}
 m - 2 scrolls of immolation {unknown}
 q - a scroll of fog {unknown}
Potions
 b - a potion of curing
 e - a potion of haste {unknown}
 j - a potion of might
 n - a potion of heal wounds {unknown}


   Skills:
 + Level 2.8 Fighting
 + Level 4.7 Long Blades
 + Level 1.8 Throwing
 + Level 2.1 Armour
 + Level 3.3 Dodging
 + Level 0.1 Stealth


You had 4 spell levels left.
You didn't know any spells.
Your spell library contained the following spells:

 Spells                   Type           Power      Damage    Failure   Level
 Animate Dead             Necr           0%         N/A       100%        4
 Olgreb's Toxic Radiance  Pois           0%         N/A       100%        4
 Borgnjor's Vile Clutch   Necr/Erth      0%         N/A       100%        5
 Death Channel            Necr           0%         N/A       100%        6
 Ozocubu's Refrigeration  Ice            0%         4d5       100%        7
 Ignition                 Fire           0%         3d3       100%        8


Dungeon Overview and Level Annotations

Branches:
Dungeon (4/15)
 Temple: D:4-7

Altars:
Wu Jian

Shops:
D:3 (


Innate Abilities, Weirdness & Mutations

You have a pair of small horns on your head.
A weak demonic guardian rushes to your aid.


Message History

The Council accepts your kill.
You start resting.
A hobgoblin comes into view.
The hobgoblin shouts!
You hear a shout!
You closely miss the hobgoblin. Your headbutt misses the hobgoblin.
The hobgoblin misses you.
You hit the hobgoblin.
You kill the hobgoblin!
The Council accepts your kill.
p - an amulet of regeneration;
q - a scroll labelled QAN ZIGOAZE You see here a hobgoblin corpse.
There is a stone staircase leading up here.
No target in view!
You start putting on your amulet.
You continue putting on your amulet of regeneration. x5
You finish putting on your amulet of regeneration.
The amulet cannot attune itself to your injured body.
p - an amulet of regeneration (around neck)
Found a ring mail and 17 poisoned darts.
Your amulet attunes itself to your body as you begin to regenerate more quickly.
Found a stone staircase leading down.
Found a rapier.
Found a stone staircase leading down.
Found a stone staircase leading down.
The ogre shouts!
Press: ? - help, v - describe, . - travel
Here: an ogre, wielding a +0 giant club The floor.
You barely miss the ogre. The ogre hits you with a +0 giant club!
You hit the ogre. You headbutt the ogre.
The ogre is heavily wounded.
The ogre hits you with a +0 giant club!
You hit the ogre but do no damage. You headbutt the ogre!
The ogre is severely wounded.
The ogre barely misses you.
You hit the ogre.
The ogre is almost dead.
The ogre hits you with a +0 giant club!!
Ouch! That really hurt!
You die...

#........# #..O
#........# .....
######.#.# #....
#.# .# #..... #.# #
#..... #.# ..)...
#.# .. #> .... #O#
#.###.. .>. #@#
#..##.### #.
##.####......#####.
#....##......#.....
#..............###.
#.............## ##
#.............# ##
#.............# #.
#.............# #.
#....##..>...## #.


You could see an ogre.

Vanquished Creatures
  A jelly (D:4)
  Natasha (thrice) (D:2)
  An iguana (D:3)
  A hound skeleton (D:4)
  2 adders
  A white imp (D:3)
  An adder skeleton (D:4)
  A worm (D:3)
  2 dart slugs
  3 orcs
  A bat (D:1)
  7 endoplasms
  A giant cockroach (D:4)
  4 goblins
  5 hobgoblins
  A jackal (D:2)
  9 kobolds
  7 quokkas
  2 ball pythons (D:3)
  4 frilled lizards
  4 rats
61 creatures vanquished.

Vanquished Creatures (collateral kills)
  A jackal (D:2)
  A bat (D:2)
2 creatures vanquished.

Grand Total: 63 creatures vanquished

Notes
Turn   | Place    | Note
-------+----------+-------------------------------------------
     0 | D:1      | Astera the Demonspawn Gladiator began the quest for the
                  | Orb.
     0 | D:1      | Reached XP level 1. HP: 16/16 MP: 1/1
   196 | D:1      | Gained mutation: A weak demonic guardian rushes to your
                  | aid. [demonic ancestry]
   196 | D:1      | Reached XP level 2. HP: 22/22 MP: 2/2
   197 | D:1      | Reached skill level 3 in Long Blades
   761 | D:1      | You fall into a shaft and drop 1 floor!
   807 | D:2      | Reached XP level 3. HP: 24/27 MP: 3/3
   849 | D:2      | Noticed Natasha
   856 | D:2      | Killed Natasha
  1114 | D:2      | Noticed Natasha
  1128 | D:2      | Killed Natasha
  1129 | D:2      | Reached skill level 1 in Armour
  1129 | D:2      | Reached XP level 4. HP: 29/34 MP: 4/4
  1202 | D:2      | Noticed Natasha
  1215 | D:2      | Killed Natasha
  1216 | D:2      | Reached skill level 4 in Long Blades
  1619 | D:3      | Gained mutation: You have a pair of small horns on your
                  | head. [demonic ancestry]
  1619 | D:3      | Reached XP level 5. HP: 39/39 MP: 5/5
  1667 | D:3      | Found a faded altar of an unknown god.
  1673 | D:3      | Became a worshipper of the Wu Jian Council
  1673 | D:3      | Reached * piety under Wu Jian
  1771 | D:3      | Found Sexew's Antique Weapon Emporium.
  2718 | D:4      | Noticed an ogre
  3072 | D:4      | Slain by an ogre

Illustrated notes

Levels and vault maps discovered:
D:1:      dpeg_arrival_orchard, layout_loops_ring, minmay_misc_feat_diagonals
D:2:      layout_rooms, uniq_natasha
D:3:      layout_loops_corners, ebering_ecumenical_altar_mist, serial_shops,
          nicolae_shop_waterfront, chequers_arboretum,
          chequers_serial_rivers_micro_d
D:4:      layout_rooms, minmay_temple_entry_glassed_door, serial_shops,
          kennysheep_mini

Skill      XL: |  1  2  3  4  5 |
---------------+----------------+-----
Dodging        | 3 |  3.3
Long Blades    | 3 4 |  4.7
Armour         | 1 2 |  2.1
Fighting       | |  2.8
Throwing       | |  1.8
Stealth        | |  0.1

Action                   |  1- 3 |  4- 6 || total
-------------------------+-------+-------++-------
Melee: Long sword        |    73 |    91 ||   164
       Headbutt          |       |    17 ||    17
Invok: Lunge             |       |     4 ||     4
       Whirlwind         |       |     1 ||     1
  Use: Scroll            |     1 |     3 ||     4
Armor: Scale mail        |    28 |    31 ||    59
Dodge: Dodged            |    48 |    49 ||    97

Table legend: (Time is in decaauts)
 A = Elapsed time spent in this place.
 B = Non-inter-level travel time spent in this place.
 C = Inter-level travel time spent in this place.
 D = Time resting spent in this place.
 E = Time spent auto-exploring this place.
 F = Levels seen in this place.
 G = Mean time per level.
                   A        B        C        D        E       F      G
               +--------+--------+--------+--------+--------+-----+--------+
         Total |   3124 |   2963 |    161 |    114 |   2107 |   4 |  781.0 |
       Dungeon |   3124 |   2963 |    161 |    114 |   2107 |   4 |  781.0 |
               +--------+--------+--------+--------+--------+-----+--------+

Top non-repeatable levels by time:
     D:3: 1334 daAuts
     D:1: 939 daAuts
     D:2: 610 daAuts
     D:4: 240 daAuts
